 Dungeon Crawl Stone Soup version 0.31-a0-232-gb1c03b2570 (webtiles) character file.

Game seed: 13427028259722252286

532 innerfire43 the Chopper (level 7, -1/55 HPs)
             Began as a Demonspawn Monk on July 7, 2023.
             Slain by a small abomination (5 damage)
             ... on level 4 of the Dungeon.
             The game lasted 00:05:06 (3787 turns).

innerfire43 the Chopper (Demonspawn Monk)           Turns: 3787, Time: 00:05:08

Health: -1/55      AC:  8    Str: 20    XL:     7   Next: 3%
Magic:  7/7        EV: 14    Int: 11    God:
Gold:   147        SH:  0    Dex: 15    Spells: 6/6 levels left

rFire   + . .        t - +0 war axe
rCold   + . .        d - orb {light}
rNeg    . . .        b - +0 robe
rPois   +            o - +0 helmet
rElec   +            f - +0 cloak
rCorr   +            g - +0 pair of gloves
SInv    .            m - +0 pair of boots
Will    +....        (no amulet)
Stlth   +            k - +6 ring of strength
HPRegen 0.29/turn    l - ring of willpower
MPRegen 0.10/turn

%: no passive effects
@: resistant, glowing
A: thin metallic scales 1, demonic guardian 1, weakness stinger 2
a: no special abilities


You were on level 4 of the Dungeon.
You visited 1 branch of the dungeon, and saw 4 of its levels.
You also visited: Sewer.

You collected 147 gold pieces.

Inventory:

Hand Weapons
 a - a +0 hand axe
 p - a +0 whip of venom
 t - a +0 war axe (weapon)
 A - a +3 dagger
 B - a +3 short sword
 C - a +2 short sword of speed
Armour
 b - a +0 robe (worn)
 d - an orb of light (worn)
 f - a +0 cloak (worn)
 g - a +0 pair of gloves (worn)
 m - a +0 pair of boots (worn)
 o - a +0 helmet (worn)
Jewellery
 k - a +6 ring of strength (left hand)
 l - a ring of willpower (right hand)
Scrolls
 e - a scroll of immolation {unknown}
 h - 2 scrolls of revelation {unknown}
 i - 2 scrolls of teleportation {unknown}
 q - 4 scrolls of identify {unknown}
 s - a scroll of poison {unknown}
 u - 2 scrolls of amnesia {unknown}
 v - a scroll of enchant weapon {unknown}
 y - a scroll of vulnerability {unknown}
Potions
 c - a potion of ambrosia
 j - a potion of resistance
 n - 3 potions of cancellation {unknown}
 r - 2 potions of brilliance
 w - a potion of magic {unknown}
 x - 5 potions of heal wounds {unknown}
 z - a potion of mutation {unknown}


   Skills:
 + Level 4.9 Fighting
 * Level 5.0(5.1) Axes
 - Level 1.3(3.4) Maces & Flails
 + Level 4.4 Dodging


You had 6 spell levels left.
You didn't know any spells.
Your spell library contained the following spells:

 Spells                   Type           Power      Damage    Failure   Level
 Beastly Appendage        Tmut           0%         N/A       34%         1
 Wereblood                Tmut           0%         N/A       47%         2
 Spider Form              Tmut/Pois      0%         N/A       71%         3


Dungeon Overview and Level Annotations

Branches:
Dungeon (4/15)              Sewer (visited)
 Temple: D:4-7

Altars:

Shops:
D:1 (   D:2 :

Portals:
Abyss: D:4

Annotations:
D:4 1 transporter, rocky1's ghost, amateur MfGl


Innate Abilities, Weirdness & Mutations

You are partially covered in thin metallic scales. (AC +2)
A weak demonic guardian rushes to your aid.
You have a tail ending in a sharp stinger.


Message History

x - 5 black potions (gained 1) Key pressed, stopping explore.
No target in view!
No target in view!
Partly explored, unvisited transporter.
No target in view!
Partly explored, unvisited transporter.
No target in view!
Partly explored, unvisited transporter.
No target in view!
No target in view!
Partly explored, unvisited transporter.
The gnoll shouts!
You hear a shout!
Rocky1's ghost turns its malevolent gaze towards you.
There is a transporter here.
You enter the transporter and appear at another place.
No target in view!
No target in view!
A small abomination comes into view.
The small abomination closely misses you.
You barely miss the small abomination.
The small abomination closely misses you.
The small abomination barely misses you.
You hit the small abomination.
The small abomination is lightly damaged.
The small abomination hits you!
You slash the small abomination!
The small abomination is moderately damaged.
You barely miss the small abomination.
The small abomination completely misses you.
The small abomination hits you! x2; A demonic guardian appears!
You are too injured to fight recklessly!
It was a potion of resistance.
You feel protected.
The small abomination closely misses you.
The small abomination hits you!
* * * LOW HITPOINT WARNING * * *
The small abomination barely misses you.
The small abomination hits you.
You die...

................#..####.#######
..............................#
........................©.....#
.............###.......####...#
#####..#....##©###...###W.#...#
## #.###...#.^..#..##...##...#
.####..###..##.######.^#.#....#
......##.....##.#x5$....g##...#
.....###.#....##@x..#?.##9##..#
####.##........#x##.?.##..9#..#
####.#.......###..####.#..##..##
........#...## ..###.##..##....#
#.......#...#x#.##....#..##....#
............#..##...###..∩##...#
#...####....##.##..##....^)#...#
..#...###....#.##.©#.9#..$##...#
###..........#x##..##W.####....#


You could see 3 small abominations and a friendly iron imp (summoned).

Vanquished Creatures
  An ogre (D:4)
  A phantom (D:4)
  An orc priest (D:3)
  2 hounds (D:4)
  2 jellies
  Natasha (thrice) (D:2)
  4 adders
  2 ufetubi (D:4)
  A worm (D:4)
  3 dart slugs
  4 orcs
  6 bats
  7 endoplasms
  6 giant cockroaches
  7 goblins
  3 hobgoblins
  4 quokkas
  6 ball pythons
  6 frilled lizards
  30 kobolds
  10 rats
109 creatures vanquished.

Vanquished Creatures (collateral kills)
  An endoplasm (D:2)
1 creature vanquished.

Grand Total: 110 creatures vanquished

Notes
Turn   | Place    | Note
-------+----------+-------------------------------------------
     0 | D:1      | innerfire43 the Demonspawn Monk began the quest for the
                  | Orb.
     0 | D:1      | Reached XP level 1. HP: 18/18 MP: 1/1
   210 | D:1      | Gained mutation: You are partially covered in thin metallic
                  | scales. (AC +2) [demonic ancestry]
   210 | D:1      | Reached XP level 2. HP: 24/24 MP: 2/2
   315 | D:1      | You fall into a shaft and drop 1 floor!
   336 | D:2      | Reached skill level 3 in Axes
   374 | D:2      | Noticed Natasha
   382 | D:2      | Killed Natasha
   383 | D:2      | Gained mutation: A weak demonic guardian rushes to your
                  | aid. [demonic ancestry]
   383 | D:2      | Reached XP level 3. HP: 14/29 MP: 3/3
   515 | D:1      | Found Foghidol's Weapon Shoppe.
  1168 | D:2      | Noticed Natasha
  1176 | D:2      | Killed Natasha
  1177 | D:2      | Reached XP level 4. HP: 13/37 MP: 4/4
  1417 | D:2      | Found Demuomoto's Book Emporium.
  1714 | D:2      | Noticed Natasha
  1723 | D:2      | Killed Natasha
  2174 | D:3      | Reached skill level 1 in Maces & Flails
  2211 | D:3      | Reached XP level 5. HP: 24/42 MP: 5/5
  2789 | D:4      | Reached skill level 4 in Axes
  2849 | D:4      | Found a transporter.
  2853 | D:4      | Found a transporter.
  2863 | D:4      | Noticed a toenail golem
  2876 | D:4      | Found a one-way gate to the infinite horrors of the Abyss.
  2876 | D:4      | Noticed rocky1's ghost (amateur MfGl)
  2876 | D:4      | Noticed a small abomination
  2877 | D:4      | Noticed an ogre
  2883 | D:4      | Killed an ogre
  2884 | D:4      | Gained mutation: You have a small tail. [demonic ancestry]
  2884 | D:4      | Reached XP level 6. HP: 48/49 MP: 6/6
  3267 | D:4      | Found a glowing drain.
  3284 | Sewer    | Entered a sewer
  3356 | Sewer    | Reached skill level 5 in Axes
  3412 | Sewer    | Gained mutation: You have a tail ending in a sharp stinger.
                  | [demonic ancestry]
  3412 | Sewer    | Reached XP level 7. HP: 54/55 MP: 7/7
  3787 | D:4      | Slain by a small abomination

Illustrated notes

Levels and vault maps discovered:
D:1:      nzn_arrival_depleted_hourglass, layout_basic, serial_shops, shop,
          nicolae_houndstooth_variations
D:2:      layout_basic, serial_shops, nicolae_shop_getting_attention,
          uniq_natasha
D:3:      layout_basic
D:4:      minmay_angry_zag, layout_cave_pools, cheibrodos_sewer_entry_bend,
          gammafunk_ghost_abyssal_escape

Skill      XL: |  1  2  3  4  5  6 |
---------------+-------------------+-----
Axes           | 3 4 5 |  5.0
Dodging        | 3 4 |  4.4
Fighting       | 4 |  4.9
Maces & Flails | 1 |  1.3

Action                     |  1- 3 |  4- 6 |  7- 9 || total
---------------------------+-------+-------+-------++-------
  Melee: Hand axe          |    94 |    14 |       ||   108
         Whip              |       |    39 |       ||    39
         War axe           |       |    94 |    26 ||   120
         Tailslap          |       |    12 |     1 ||    13
    Use: Potion            |     1 |       |     1 ||     2
 Armour: Robe              |    28 |    72 |    10 ||   110
  Dodge: Dodged            |    68 |   120 |    34 ||   222

Table legend: (Time is in decaauts)
 A = Elapsed time spent in this place.
 B = Non-inter-level travel time spent in this place.
 C = Inter-level travel time spent in this place.
 D = Time resting spent in this place.
 E = Time spent auto-exploring this place.
 F = Levels seen in this place.
 G = Mean time per level.
                   A        B        C        D        E       F      G
               +--------+--------+--------+--------+--------+-----+--------+
         Total |   3858 |   3668 |    190 |      0 |   2862 |   5 |  771.6 |
       Dungeon |   3559 |   3369 |    190 |      0 |   2717 |   4 |  889.8 |
         Sewer |    299 |    299 |      0 |      0 |    145 |   1 |  299.0 |
               +--------+--------+--------+--------+--------+-----+--------+

Top non-repeatable levels by time:
     D:1: 1075 daAuts
     D:2: 1049 daAuts
     D:4: 767 daAuts
     D:3: 667 daAuts
   Sewer: 299 daAuts
